 Dungeon Crawl Stone Soup version 0.18-a0-801-gb01a236 (webtiles) character file.

107 JokEr the Ruffian (level 4, -4/41 HPs)
             Began as a Ghoul Monk on Dec 14, 2015.
             Slain by an iguana (8 damage)
             ... on level 2 of the Dungeon.
             The game lasted 00:03:38 (1757 turns).

JokEr the Ruffian (Ghoul Monk)                      Turns: 1757, Time: 00:03:38

Health: -4/41      AC:  6    Str: 15    XL:     4   Next: 85%
Magic:  3/3        EV: 11    Int:  5    God:
Gold:   146        SH:  0    Dex: 11    Spells: 0 memorised, 3 levels left

rFire  . . .     SeeInvis .       - Unarmed
rCold  + . .     Clarity  .     c - +0 ring mail (curse)
rNeg   + + +     SustAt   .     (no shield)
rPois  ∞         Gourm    .     f - +0 helmet
rElec  .         Spirit   .     (no cloak)
rCorr  .         Dismiss  .     (no gloves)
rMut   .         Stasis   .     (no boots)
MR     .....                    (no amulet)
Stlth  +.........               (no ring)
                                (no ring)

@: rotting, not resistant to hostile enchantments, very unstealthy
A: rotting body, claws 1, carnivore 3, cold resistance 1, negative energy
resistance 3, slow regeneration 1, torment resistance, unbreathing
a: no special abilities


You were on level 2 of the Dungeon.
You were not hungry.

You visited 1 branch of the dungeon, and saw 3 of its levels.

You collected 146 gold pieces.

Inventory:

Armour
 a - a +0 robe
 c - a cursed +0 ring mail (worn)
 f - a +0 helmet (worn)
Scrolls
 d - 2 scrolls of immolation {unknown}
 i - 3 scrolls of identify {unknown}
 j - a scroll of remove curse {unknown}
 k - a scroll of teleportation {unknown}
Potions
 e - 3 potions of curing {unknown}
 g - 2 potions of lignification
 h - a potion of resistance {unknown}
Books
 l - a book of Battle

   Spells                             Type                      Level
   a - Infusion                       Charms                       1
   b - Shroud of Golubria             Charms/Translocation         2
   c - Song of Slaying                Charms                       2
   d - Spectral Weapon                Hexes/Charms                 3
   e - Regeneration                   Charms/Necromancy            3
Comestibles
 b - a meat ration


   Skills:
 + Level 4.3 Fighting
 + Level 3.5 Dodging
 - Level 2.1 Stealth
 + Level 5.2 Unarmed Combat


You had 3 spell levels left.
You didn't know any spells.

Dungeon Overview and Level Annotations

Branches:
Dungeon (3/15)

Altars:


Innate Abilities, Weirdness & Mutations

Your body is rotting away.
You thrive on raw meat.
You are immune to poison.
You have sharp fingernails.
You are carnivorous and can eat meat at any time.
Your flesh is cold resistant.
You are immune to negative energy.
You regenerate slowly when monsters are visible.
You are immune to unholy pain and torment.
You can survive without breathing.


Message History

You see here 25 stones.
There is a stone staircase leading up here.
The iguana bites you but does no damage.
You climb upwards.
There is a stone staircase leading down here.
Read which item? (? for menu, Esc to quit)
Okay, then.
Drink which item? (? for menu, Esc to quit)
It was a potion of lignification.
You feel woody for a moment.
The iguana bites you but does no damage.
You claw the iguana!
The iguana is almost dead.
The iguana misses you.
You barely miss the iguana.
The iguana is almost dead.
The iguana bites you but does no damage.
You scratch the iguana but do no damage.
The iguana is almost dead.
The iguana bites you!
You die...

# #.......#......##...#..#
######.......#..........##..#
.............#<...#.#...##..#
...##.......##....#.#...##..#
....................#...##..#
.........######.#####...##..#
......##.#..................#
###...##.#.###...#####.##...#
...†..##.#.###.#@l..........#
......##'#...#.#######......#
...........###.# #####.##
...........)...######## #.#
....##...).#..........# #.#
....##.....#..........# #.#
....##.....#..........# #.#
....######.#..........# #.#
.#########.#..........# #.#


You could see an iguana.

Vanquished Creatures
  6 adders (D:2)
  2 giant geckos
  10 bats
  2 giant cockroaches
  2 hobgoblins (D:1)
  2 ball pythons
  2 giant newts (D:2)
  6 goblins
  11 jackals
  6 kobolds
  7 rats
56 creatures vanquished.

Notes
Turn   | Place    | Note
--------------------------------------------------------------
     0 | D:1      | JokEr the Ghoul Monk began the quest for the Orb.
     0 | D:1      | Reached XP level 1. HP: 19/19 MP: 0/0
   183 | D:1      | Reached XP level 2. HP: 26/26 MP: 1/1
   638 | D:1      | Reached XP level 3. HP: 29/33 MP: 2/2
   902 | D:2      | Reached XP level 4. HP: 31/40 MP: 3/3
   979 | D:2      | Reached skill level 5 in Unarmed Combat
  1757 | D:2      | Slain by an iguana

Vault maps used:
D:1:      lightli_arrival_isolated_outpost

Action                   |  1- 3 |  4- 6 || total
-------------------------+-------+-------++-------
Melee: Unarmed           |   107 |   116 ||   223
  Use: Scroll            |     2 |       ||     2
       Potion            |       |     1 ||     1
 Stab: Sleeping          |     4 |       ||     4
  Eat: Chunk             |     6 |     5 ||    11
